[Event "ICC tourney 2499 (45 10)"]
[Site "Internet Chess Club"]
[Date "2021.04.10"]
[Round "5"]
[White "SATHYAN, TEJESH MAYURAN:tjsathyan"]
[Black "ZHANG, ETHAN:ethanz1606"]
[Result "0-1"]
[ICCResult "White checkmated"]
[WhiteElo "1307"]
[BlackElo "1229"]
[Opening "Ruy Lopez: Anderssen variation"]
[ECO "C77"]
[NIC "RL.12"]
[Time "21:01:35"]
[PlyCount "108"]
[TimeControl "2700+10"]

1. e4 e5 2. Nf3 Nc6 3. Bb5 a6 4. Ba4 Nf6 5. d3 Bb4+ 6. Bd2 Bc5 7. O-O O-O
8. c3 d6 9. Bg5 Bg4 10. h3 Bh5 11. Nbd2 h6 12. Bxf6 Qxf6 13. b4 Ba7 14.
Bxc6 bxc6 15. Qa4 d5 16. exd5 cxd5 17. Rfe1 Rfe8 18. d4 e4 19. Ne5 Rxe5 20.
dxe5 Qxf2+ 21. Kh1 Qxd2 22. Qxa6 Qf2 23. Qb7 Re8 24. Qxd5 e3 25. c4 e2 26.
c5 Qe3 27. Qb7 Bb8 28. a4 Qxe5 29. g4 c6 30. Qxb8 Qxb8 31. gxh5 Qe5 32. a5
Qxa1 33. Rxa1 e1=Q+ 34. Rxe1 Rxe1+ 35. Kg2 Rb1 36. a6 Rxb4 37. a7 Ra4 38.
Kf3 Rxa7 39. Ke4 Ra4+ 40. Ke5 Ra6 41. Kd6 f5 42. Kd7 f4 43. Kc8 f3 44. Kb7
Ra5 45. Kb6 Rxc5 46. Kxc5 f2 47. Kxc6 f1=Q 48. Kb6 Qc4 49. Ka7 Qb5 50. Ka8
Kf7 51. Ka7 Ke7 52. Ka8 Kd7 53. Ka7 Kc7 54. Ka8 Qb7# { White checkmated }
0-1

[Event "ICC tourney 2499 (45 10)"]
[Site "Internet Chess Club"]
[Date "2021.04.10"]
[Round "5"]
[White "Brodbeck, Paul:pbrodbeck"]
[Black "GUO, MAX:salamenceg"]
[Result "0-1"]
[ICCResult "White resigns"]
[WhiteElo "1234"]
[BlackElo "1076"]
[Opening "Grünfeld: modern exchange variation"]
[ECO "D85"]
[NIC "GI.03"]
[Time "21:01:43"]
[PlyCount "128"]
[TimeControl "2700+10"]

1. d4 Nf6 2. c4 g6 3. Nc3 d5 4. cxd5 Nxd5 5. Nf3 Bg7 6. e4 Nxc3 7. bxc3 c5
8. Rb1 Nc6 9. Bb2 Bg4 10. d5 Ne5 11. c4 Qa5+ 12. Qd2 Qxd2+ 13. Nxd2 b6 14.
h3 Bd7 15. f4 f6 16. fxe5 fxe5 17. Nf3 O-O 18. Nxe5 Bxe5 19. Bxe5 Rad8 20.
Be2 e6 21. Bg4 exd5 22. Bxd7 Rxd7 23. cxd5 Re8 24. Ba1 Rxe4+ 25. Kf2 Rxd5
26. Rbd1 Rf5+ 27. Kg3 Re3+ 28. Kh2 Re2 29. Rd8+ Rf8 30. Rxf8+ Kxf8 31. Rf1+
Ke8 32. a3 Ra2 33. Re1+ Kd7 34. Rd1+ Kc6 35. Bg7 Rxa3 36. Rd8 c4 37. Rc8+
Kb5 38. Kg1 Re3 39. Kf2 Re6 40. Bd4 Rc6 41. Rxc6 Kxc6 42. Ke2 a5 43. Kd2 b5
44. Kc3 Kd5 45. Bb6 b4+ 46. Kb2 a4 47. Be3 Ke4 48. Bc5 b3 49. Kc3 h5 50.
Ba3 Kd5 51. Bc1 Kc5 52. Be3+ Kb5 53. Bc1 Kc5 54. Bb2 g5 55. Ba3+ Kb5 56.
Kd4 g4 57. hxg4 hxg4 58. g3 b2 59. Bxb2 Kb4 60. Bc3+ Kb3 61. Ba1 a3 62. Kc5
c3 63. Kd4 c2 64. Kd3 c1=Q { White resigns } 0-1

[Event "ICC tourney 2499 (45 10)"]
[Site "Internet Chess Club"]
[Date "2021.04.10"]
[Round "5"]
[White "JOHNSON, WILL:ChemStud24"]
[Black "CAI, ALAN ZHUOCHENG:flying-ninja"]
[Result "1-0"]
[ICCResult "Black resigns"]
[WhiteElo "1473"]
[BlackElo "1276"]
[Opening "Sicilian: Alapin's variation (2.c3)"]
[ECO "B22"]
[NIC "SI.46"]
[Time "21:01:31"]
[PlyCount "47"]
[TimeControl "2700+10"]

1. e4 c5 2. c3 e5 3. Nf3 Nc6 4. Bc4 Be7 5. d4 exd4 6. Qb3 Na5 7. Bxf7+ Kf8
8. Qd5 Nf6 9. Qf5 d6 10. Be6 g6 11. Bh6+ Ke8 12. Qh3 Bxe6 13. Qxe6 Qd7 14.
Qxd7+ Kxd7 15. e5 dxe5 16. Nxe5+ Ke6 17. Nd3 dxc3 18. Nxc3 Rad8 19. O-O-O
Nc6 20. Rhe1+ Kf7 21. Ne4 Nxe4 22. Rxe4 b6 23. Rf4+ Bf6 24. Bg5 { Black
resigns } 1-0

[Event "ICC tourney 2499 (45 10)"]
[Site "Internet Chess Club"]
[Date "2021.04.10"]
[Round "5"]
[White "ZHOU, GREG:joeandjoe28"]
[Black "STONE, GILBERT L:tightfist"]
[Result "1-0"]
[ICCResult "Black resigns"]
[WhiteElo "1413"]
[BlackElo "1450"]
[Opening "French: Tarrasch, closed variation"]
[ECO "C05"]
[NIC "FR.17"]
[Time "21:01:32"]
[PlyCount "131"]
[TimeControl "2700+10"]

1. e4 e6 2. d4 d5 3. Nd2 Nf6 4. e5 Nfd7 5. Bd3 c5 6. c3 cxd4 7. cxd4 Qb6 8.
Ne2 Nc6 9. Nf3 Bb4+ 10. Bd2 Bxd2+ 11. Qxd2 Nb4 12. Nf4 Nxd3+ 13. Nxd3 Nb8
14. Qb4 Qxb4+ 15. Nxb4 Bd7 16. O-O Nc6 17. Nxc6 Bxc6 18. Rac1 O-O 19. Rc5
Rac8 20. Rfc1 Bd7 21. Rxc8 Rxc8 22. Rxc8+ Bxc8 23. Nd2 Bd7 24. Nb3 b6 25.
Kf1 Bb5+ 26. Ke1 Bc4 27. Nc1 a5 28. a3 a4 29. Ne2 h5 30. Nf4 g6 31. h4 Kf8
32. Kd2 Ke7 33. Kc3 Kd7 34. Nd3 Bxd3 35. Kxd3 Kc6 36. Kc3 Kb5 37. b3 axb3
38. Kxb3 Ka5 39. a4 b5 40. axb5 Kxb5 41. Kc3 Kc6 42. Kd3 Kb5 43. Kc3 Kc6
44. Kb4 Kb6 45. g3 Kc6 46. Ka5 Kc7 47. Kb5 Kd7 48. Kb6 Ke7 49. Kc7 f6 50.
f4 fxe5 51. fxe5 g5 52. hxg5 Kf7 53. Kd6 Kg6 54. Kxe6 Kxg5 55. Kxd5 Kg4 56.
e6 Kxg3 57. e7 h4 58. e8=Q h3 59. Qh8 h2 60. Ke4 Kg2 61. Qg7+ Kf2 62. Qf6+
Kg3 63. Qg5+ Kh3 64. Qh5+ Kg3 65. Qf3+ Kh4 66. Qg2 { Black resigns } 1-0

[Event "ICC tourney 2499 (45 10)"]
[Site "Internet Chess Club"]
[Date "2021.04.10"]
[Round "5"]
[White "McQuillin, Danil Alsandair:DanilMcQuillin"]
[Black "FANG, ETHAN GAO:exitixYT"]
[Result "1/2-1/2"]
[ICCResult "Game drawn by mutual agreement"]
[WhiteElo "1193"]
[BlackElo "1450"]
[Opening "English: Mikenas-Carls, Kevitz variation"]
[ECO "A18"]
[NIC "EO.64"]
[Time "21:01:33"]
[PlyCount "77"]
[TimeControl "2700+10"]

1. c4 Nf6 2. Nc3 e6 3. e4 Nc6 4. a3 Be7 5. d4 O-O 6. e5 Ne8 7. Nf3 d6 8.
Bd3 f6 9. exd6 cxd6 10. Qc2 f5 11. d5 exd5 12. Nxd5 Ne5 13. Nxe5 dxe5 14.
f3 Bc5 15. b4 Bd4 16. Bb2 Bxb2 17. Qxb2 e4 18. Be2 Nf6 19. Nxf6+ Qxf6 20.
Qxf6 Rxf6 21. O-O e3 22. f4 Be6 23. Rf3 Rd8 24. c5 Rd4 25. Rd1 Re4 26. Bd3
e2 27. Re1 Bc4 28. Bxc4+ Rxc4 29. Rxe2 b6 30. cxb6 axb6 31. Re5 Kf7 32. g3
h6 33. Rfe3 g5 34. fxg5 hxg5 35. Re7+ Kg6 36. R7e6 Rc1+ 37. Kf2 g4 38.
Rxf6+ Kxf6 39. Rd3 { Game drawn by mutual agreement } 1/2-1/2

[Event "ICC tourney 2499 (45 10)"]
[Site "Internet Chess Club"]
[Date "2021.04.10"]
[Round "5"]
[White "WU, WINSTON:qjet"]
[Black "SPERBER, JACOB:jacobsperber"]
[Result "1-0"]
[ICCResult "Black resigns"]
[WhiteElo "1174"]
[BlackElo "1457"]
[Opening "Sicilian: Alapin's variation (2.c3)"]
[ECO "B22"]
[NIC "SI.46"]
[Time "21:01:39"]
[PlyCount "55"]
[TimeControl "2700+10"]

1. e4 c5 2. c3 d5 3. exd5 Qxd5 4. d4 e6 5. Nf3 Nf6 6. Bb5+ Bd7 7. Bxd7+
Nbxd7 8. O-O Be7 9. Re1 O-O 10. Be3 c4 11. Nbd2 Rfd8 12. Qc2 b5 13. Bf4 Nb6
14. a3 Rd7 15. Re2 a5 16. Be5 Rad8 17. Bxf6 Bxf6 18. Ne4 Qf5 19. Nxf6+ Qxf6
20. Re5 Nd5 21. Rae1 Rc8 22. Qe4 b4 23. Ng5 g6 24. Qh4 Qg7 25. Ne4 Rdd8 26.
a4 bxc3 27. bxc3 Rd6 28. Nxd6 { Black resigns } 1-0

[Event "ICC tourney 2499 (45 10)"]
[Site "Internet Chess Club"]
[Date "2021.04.10"]
[Round "5"]
[White "Nagarajan, Ramesh:rnagaraj"]
[Black "DEL TORA, MIGUEL:mdeltoro11"]
[Result "0-1"]
[ICCResult "White checkmated"]
[WhiteElo "1428"]
[BlackElo "991"]
[Opening "King's gambit"]
[ECO "C30"]
[NIC "KG.05"]
[Time "21:01:34"]
[PlyCount "168"]
[TimeControl "2700+10"]

1. e4 e5 2. f4 Nc6 3. Nf3 Bc5 4. Bc4 exf4 5. d3 Qf6 6. Nc3 Nge7 7. Bd2 d6
8. Nb5 O-O 9. Nxc7 Rb8 10. Bc3 Ne5 11. Bd5 b5 12. Bxe5 dxe5 13. Bb3 a6 14.
Nd5 Nxd5 15. Bxd5 b4 16. c3 Be6 17. Bb3 a5 18. Bc2 Qg6 19. Qe2 Be3 20. Nxe5
Qg5 21. Nf3 Qe7 22. g3 bxc3 23. bxc3 Qa3 24. gxf4 Qxc3+ 25. Kf1 Qxa1+ 26.
Kg2 Bh3+ 27. Kxh3 Qxh1 28. Qxe3 Qf1+ 29. Kg3 Rb2 30. Qc5 Rxa2 31. Qc4 Qa1
32. Bb3 Re2 33. e5 Re3 34. Kg4 h5+ 35. Kxh5 Rxf3 36. e6 Qf6 37. exf7+ Qxf7+
38. Kg4 Qxc4 39. Bxc4+ Kh7 40. Kxf3 a4 41. h3 a3 42. Ba2 g5 43. d4 Rxf4+
44. Ke3 Rh4 45. Be6 Kg6 46. Ba2 Kf6 47. d5 Ke5 48. Kf3 Rxh3+ 49. Kg4 Rh2
50. Bb3 Rg2+ 51. Kf3 Rb2 52. Bc4 a2 53. Bxa2 Rxa2 54. Kg4 Kxd5 55. Kxg5 Ke5
56. Kg4 Ra4+ 57. Kf3 Re4 58. Kg3 Kf5 59. Kf3 Ra4 60. Ke3 Ke5 61. Kd3 Re4
62. Kc3 Kd5 63. Kd3 Ke5 64. Kc3 Re3+ 65. Kc4 Ke4 66. Kc5 Rd3 67. Kc4 Rd8
68. Kc5 Kd3 69. Kc6 Kd4 70. Kc7 Rh8 71. Kd6 Rh5 72. Ke6 Ra5 73. Kd6 Rd5+
74. Ke6 Ke4 75. Kf6 Re5 76. Kg6 Kf4 77. Kf6 Ke4 78. Kg6 Rf5 79. Kg7 Ke5 80.
Kg6 Kf4 81. Kg7 Kg5 82. Kh7 Kf6 83. Kg8 Rh5 84. Kf8 Rh8# { White checkmated
} 0-1

[Event "ICC tourney 2499 (45 10)"]
[Site "Internet Chess Club"]
[Date "2021.04.10"]
[Round "5"]
[White "FENG, AARON:aaronfeng"]
[Black "wang, William Kaiyuan:williamw601"]
[Result "0-1"]
[ICCResult "White checkmated"]
[WhiteElo "1090"]
[BlackElo "1300"]
[Opening "Ruy Lopez: classical (Cordel) defense"]
[ECO "C64"]
[NIC "RL.01"]
[Time "21:01:36"]
[PlyCount "158"]
[TimeControl "2700+10"]

1. e4 e5 2. Nf3 Nc6 3. Bb5 Bc5 4. O-O d6 5. c3 Bb6 6. d4 Bd7 7. Re1 Nf6 8.
Bg5 h6 9. Bh4 g5 10. Bg3 Ng4 11. h3 Nf6 12. Bxc6 Bxc6 13. dxe5 Nh5 14. Bh2
Bd7 15. exd6 Nf6 16. dxc7 Bxc7 17. Bxc7 Qxc7 18. e5 Nh5 19. Nd4 Nf4 20. Ne2
O-O-O 21. Qc1 Nd3 22. Qd2 Nxe1 23. Qxe1 Qxe5 24. Nd2 Kb8 25. Nf3 Qg7 26.
Nfd4 g4 27. hxg4 Bxg4 28. f3 Bh3 29. Qg3+ Qxg3 30. Nxg3 Rdg8 31. Kh2 Bd7
32. Ne4 Rg6 33. g4 Rhg8 34. Ng3 a6 35. Ngf5 Bxf5 36. Nxf5 Re6 37. Kh3 Rgg6
38. Rd1 Re2 39. Rb1 Rf2 40. Kg3 Rd2 41. Nh4 Re6 42. Nf5 Ree2 43. Nxh6 Rg2+
44. Kf4 Rxb2 45. Rxb2 Rxb2 46. Nxf7 Kc7 47. g5 Kd7 48. g6 Ke7 49. Ne5 Kf6
50. c4 Rxa2 51. Nd7+ Kxg6 52. Nb6 Rb2 53. Na4 Rb4 54. Nb6 Rxb6 55. Ke5 Rf6
56. f4 b5 57. cxb5 axb5 58. Ke4 b4 59. f5+ Rxf5 60. Kd3 Rb5 61. Kc4 b3 62.
Kxb5 b2 63. Kc6 b1=Q 64. Kd6 Qe4 65. Kc5 Kf6 66. Kd6 Qf5 67. Kc7 Ke7 68.
Kc6 Qd7+ 69. Kc5 Qd6+ 70. Kc4 Ke6 71. Kc3 Ke5 72. Kc2 Qd5 73. Kc3 Ke4 74.
Kc2 Qd3+ 75. Kb2 Kd4 76. Kc1 Qe2 77. Kb1 Qd2 78. Ka1 Kc3 79. Kb1 Qb2# {
White checkmated } 0-1

[Event "ICC tourney 2499 (45 10)"]
[Site "Internet Chess Club"]
[Date "2021.04.10"]
[Round "5"]
[White "SHAKIROV, DIYOR:Diyor"]
[Black "JACOBS, STEVE:Steviejay"]
[Result "1-0"]
[ICCResult "Black checkmated"]
[WhiteElo "1169"]
[BlackElo "1372"]
[Opening "Caro-Kann: advance variation"]
[ECO "B12"]
[NIC "CK.04"]
[Time "21:01:44"]
[PlyCount "87"]
[TimeControl "2700+10"]

1. e4 c6 2. d4 d5 3. e5 Bf5 4. Nf3 e6 5. Nc3 Nd7 6. Be2 Nh6 7. O-O Bg6 8.
Nh4 Qxh4 9. a3 Qd8 10. b4 Rc8 11. Bd3 Bxd3 12. Qxd3 Nf5 13. b5 Nb6 14. a4
Nc4 15. bxc6 bxc6 16. Rb1 Rb8 17. Bg5 Be7 18. Bxe7 Nxe7 19. Rxb8 Qxb8 20.
Rb1 Qc7 21. Ne2 O-O 22. Ng3 Rb8 23. Rf1 Qa5 24. Ra1 Rb2 25. c3 Qb6 26. Rd1
Ng6 27. Nh5 Ngxe5 28. Qg3 Ng6 29. Qd3 e5 30. Rf1 e4 31. Qd1 Na3 32. Qg4 Qb7
33. f4 f6 34. f5 Rb1 35. fxg6 Rxf1+ 36. Kxf1 Qb1+ 37. Kf2 Qc2+ 38. Kg3
Qxc3+ 39. Kh4 Qe1+ 40. g3 hxg6 41. Qxg6 Kf8 42. Qxg7+ Ke8 43. Nxf6+ Kd8 44.
Qd7# { Black checkmated } 1-0